 Dungeon Crawl Stone Soup version 0.02-203-gf4e052f (webtiles) character file.

Game seed: 10007053142305722434, levelgen mode: deterministic

95 Kalegnar the Charmwright (level 4, 0/38 HPs) Gnoll Skald. Began on Nov 5, 2020. Slain by a water moccasin (1 damage) ... on level 2 of the Dungeon. The game lasted 00:07:01 (957 turns).

Kalegnar the Charmwright (Gnoll Skald)               Turns: 957, Time: 00:07:03

Health: 0/38       AC:  3    Str: 13    XL:     4 ^: 28
Magic:  4/11       EV: 13    Int: 17    God:
Gold:   45         SH:  2    Dex: 14    Spells: 2/13 levels left

rFire    . . .     Vision   .   a - +0 spear
rCold    . . .     Gourm    .   j - +0 buckler
rNeg     . . .     Faith    .   b - +0 leather armour
rPois    .         Spirit   .   (no helmet)
rElec    .         Reflect  .   (no cloak)
rCorr    .         Harm     .   (no gloves)
MR       .....                  (no boots)
Stlth    ++........             (no amulet)
HPRegen  0.22/turn              (no ring)
MPRegen  0.21/turn              (no ring)

@: lethally poisoned (0 -> -3), very slightly contaminated
A: distributed training, fangs 1, strong nose
a: no special abilities


You were on level 2 of the Dungeon.
You were hungry.

You visited 1 branch of the dungeon, and saw 2 of its levels.

You collected 45 gold pieces.

Inventory:

Weapons
 a - a +0 spear (weapon) Shields
 j - a +0 buckler (shield)
Armour
 b - a +0 leather armour (worn)
Scrolls
 h - a scroll of acquirement
 i - a scroll of holy word
Potions
 c - 3 potions of curing
 e - 2 potions of agility
 g - 2 potions of heal wounds
Comestibles
 d - 3 rations
 f - 7 chunks of flesh


   Skills:
 + Level 4.6 Fighting
 + Level 1.2 Short Blades
 + Level 1.2 Long Blades
 + Level 1.2 Axes & Hammers
 + Level 1.2 Whips & Flails
 + Level 4.6 Polearms
 + Level 1.2 Maces & Staves
 + Level 1.2 Slings
 + Level 1.2 Bows
 + Level 1.2 Crossbows
   Level 0.0 Throwing
 + Level 2.8 Armour
 + Level 4.6 Dodging
 + Level 1.2 Stealth
 + Level 1.2 Shields
 + Level 1.2 Unarmed Combat
 + Level 5.1 Spellcasting
 + Level 1.0 Hexes
 + Level 5.5 Charms
 + Level 1.0 Summonings
 + Level 1.0 Necromancy
 + Level 1.0 Translocations
 + Level 1.0 Transmutations
 + Level 1.0 Fire Magic
 + Level 1.0 Ice Magic
 + Level 1.0 Air Magic
 + Level 1.0 Earth Magic
 + Level 1.0 Poison Magic
 + Level 1.3 Invocations
 + Level 1.2 Evocations


You had 2 spell levels left.
You knew the following spells:

 Your Spells              Type           Power        Failure   Level  Hunger
a - Infusion              Chrm           23 (25)      2%          1    None
b - Song of Slaying       Chrm           23 (100)     3%          2    #......
c - Shroud of Golubria    Chrm/Tloc      15 (200)     9%          2    #......
d - Regeneration          Chrm/Necr      15 (200)     19%         3    ###....
e - Spectral Weapon       Chrm/Summ      15 (100)     19%         3    ###....

Your spell library contained the following spells:

 Spells                   Type           Power        Failure   Level  Hunger


Dungeon Overview and Level Annotations

Branches:
Dungeon (2/8)

Altars:


Innate Abilities, Weirdness & Mutations

Your experience applies equally to all skills.
You have very sharp teeth.
Your uncanny sense of smell can sniff out nearby items.


Message History

You closely miss the water moccasin. You block the water moccasin's attack.
You hit the water moccasin (2).
You bite the water moccasin, but do no damage.
The water moccasin is severely wounded. (10/28) HP You feel sick. (1)
The water moccasin bites you but does no damage.
You closely miss the water moccasin.
You feel sick. (1)
The water moccasin bites you (6).
* * * LOW HITPOINT WARNING * * *
You hit the water moccasin but do no damage.
The water moccasin is severely wounded. (10/28) HP The water moccasin bites you but does no damage.
You hit the water moccasin (2).
The water moccasin is severely wounded. (8/28) HP
* * * LOW HITPOINT WARNING * * *
You feel sick. (1)
The water moccasin barely misses you (0).
The water moccasin bites you (1).
You die...

#######################
#.≈.≈.#..≈≈≈≈≈S@#...≈≈#
.≈...#..≈≈##.≈≈.≈≈≈###
≈.###..≈[.###.≈#.≈#..#.#
#≈≈.≈...≈#.≈≈.##.#....#
##...##..≈..≈##...≈.[.#
#..##......≈#.≈..##≈≈#
#≈. #≈...##.≈##.≈÷≈#.≈#
≈≈.#≈≈≈##..#######..#≈.#
≈# #..##≈..)# #≈≈##≈≈#


You could see a water moccasin.

Vanquished Creatures
  A giant cockroach (D:2)
  2 sewer rats (D:2)
  3 cinder newts
  A worm (D:2)
  2 oozes
  2 leopard geckos
  5 bats
  A cinder newt skeleton (D:2)
  A goblin (D:1)
  5 hobgoblins (D:1)
  3 bat skeletons (D:2)
  4 kobolds (D:1)
  2 rats (D:1)
32 creatures vanquished.

Vanquished Creatures (others)
  52 withered plants (D:2)
52 creatures vanquished.

Grand Total: 84 creatures vanquished

Notes
Turn   | Place    | Note
-------+----------+-------------------------------------------
     0 | D:1      | Kalegnar the Gnoll Skald began the quest for the Orb.
     0 | D:1      | Reached XP level 1. HP: 20/20 MP: 6/6
   153 | D:1      | Reached XP level 2. HP: 26/26 MP: 7/7
   177 | D:1      | Learned a level 2 spell: Song of Slaying
   180 | D:1      | Learned a level 2 spell: Shroud of Golubria
   305 | D:1      | Identified a scroll of acquirement
   382 | D:1      | Reached XP level 3. HP: 31/31 MP: 9/9
   515 | D:1      | Reached skill level 5 in Spellcasting
   712 | D:2      | Reached skill level 1 in Invocations
   750 | D:2      | Reached skill level 1 in Short Blades
   750 | D:2      | Reached skill level 1 in Long Blades
   750 | D:2      | Reached skill level 1 in Axes & Hammers
   750 | D:2      | Reached skill level 1 in Whips & Flails
   750 | D:2      | Reached skill level 1 in Maces & Staves
   750 | D:2      | Reached skill level 1 in Slings
   750 | D:2      | Reached skill level 1 in Bows
   750 | D:2      | Reached skill level 1 in Crossbows
   750 | D:2      | Reached skill level 1 in Stealth
   750 | D:2      | Reached skill level 1 in Shields
   750 | D:2      | Reached skill level 1 in Unarmed Combat
   750 | D:2      | Reached skill level 1 in Evocations
   750 | D:2      | Reached XP level 4. HP: 38/38 MP: 8/11
   758 | D:2      | Learned a level 3 spell: Regeneration
   762 | D:2      | Learned a level 3 spell: Spectral Weapon
   823 | D:2      | Reached skill level 1 in Hexes
   823 | D:2      | Reached skill level 1 in Summonings
   823 | D:2      | Reached skill level 1 in Necromancy
   823 | D:2      | Reached skill level 1 in Translocations
   823 | D:2      | Reached skill level 1 in Transmutations
   823 | D:2      | Reached skill level 1 in Fire Magic
   823 | D:2      | Reached skill level 1 in Ice Magic
   823 | D:2      | Reached skill level 1 in Air Magic
   823 | D:2      | Reached skill level 1 in Earth Magic
   823 | D:2      | Reached skill level 1 in Poison Magic
   874 | D:2      | Noticed a water moccasin
   957 | D:2      | HP: 1/38 [poisoned by a water moccasin]
   957 | D:2      | Slain by a water moccasin

Levels and vault maps discovered:
D:1:      dpeg_arrival_simpleton_a, layout_loops_cross, serial_glass,
          glass_columns_b, glass_columns_a
D:2:      layout_sewer, first_ration

Skill      XL: |  1  2  3  4 |
---------------+-------------+-----
Spellcasting   | 5 |  5.1
Invocations    | 1 |  1.3
Short Blades   | 1 |  1.2
Long Blades    | 1 |  1.2
Axes & Hammers | 1 |  1.2
Whips & Flails | 1 |  1.2
Maces & Staves | 1 |  1.2
Slings         | 1 |  1.2
Bows           | 1 |  1.2
Crossbows      | 1 |  1.2
Stealth        | 1 |  1.2
Shields        | 1 |  1.2
Unarmed Combat | 1 |  1.2
Evocations     | 1 |  1.2
Hexes          | 1 |  1.0
Summonings     | 1 |  1.0
Necromancy     | 1 |  1.0
Translocations | 1 |  1.0
Transmutations | 1 |  1.0
Fire Magic     | 1 |  1.0
Ice Magic      | 1 |  1.0
Air Magic      | 1 |  1.0
Earth Magic    | 1 |  1.0
Poison Magic   | 1 |  1.0
Fighting       | |  4.6
Polearms       | |  4.6
Armour         | |  2.8
Dodging        | |  4.6
Charms         | |  5.5

Action                   |  1- 3 |  4- 6 || total
-------------------------+-------+-------++-------
Melee: Spear             |    71 |    57 ||   128
       Unarmed           |    34 |     6 ||    40
       Bite              |     3 |     6 ||     9
 Cast: Infusion          |     3 |     1 ||     4
       Shroud of Golubri |       |     2 ||     2
       Regeneration      |       |     1 ||     1
Armor: Leather armour    |     6 |     8 ||    14
Dodge: Dodged            |    40 |    24 ||    64
Block: Buckler           |     3 |     2 ||     5
